 Dungeon Crawl Stone Soup version 0.22-b1-26-g9dbaab1 (webtiles) character file.

1925 Goblin1989 the Slicer (level 8, -19/64 HPs)
             Began as a Demonspawn Chaos Knight on Aug 6, 2018.
             Demolished by an orc warrior
             ... wielding a +0 glaive
              (22 damage)
             ... in a bailey.
             The game lasted 00:16:28 (5971 turns).

Goblin1989 the Slicer (Demonspawn Chaos Knight)     Turns: 5971, Time: 00:16:29

Health: -19/64     AC: 10    Str: 13 (14) XL:     8   Next: 96%
Magic:  8/8        EV: 10    Int: 16 (18) God:    Xom [....*.]
Gold:   494        SH:  0    Dex: 11 (14) Spells: 7/7 levels left

rFire    . . .     SeeInvis .   a - +0 short sword (chaos)
rCold    . . .     Gourm    .   (no shield)
rNeg     . . .     Faith    .   z - +1 scale mail {rPois} {god gift}
rPois    +         Spirit   .   (no helmet)
rElec    .         Reflect  .   H - +0 cloak
rCorr    .         Harm     .   P - +0 pair of gloves
MR       +....                  (no boots)
Stlth    ..........             (no amulet)
HPRegen  0.20/turn              u - +5 ring of intelligence
MPRegen  0.11/turn              m - ring of protection from magic

@: no status effects
A: talons 2, spiny 2
a: Renounce Religion


You were in a bailey.
You worshipped Xom.
You were a beloved toy of Xom.
You were not hungry.

You visited 1 branch of the dungeon, and saw 8 of its levels.
You also visited: Bailey.

You collected 494 gold pieces.

Inventory:

Hand Weapons
 a - a +0 short sword of chaos (weapon)
 l - a +0 dagger of speed
 G - a +2 dagger of freezing
 S - the +4 spear "Epuseas" {antimagic, MR+ Int+7 Dex-3 SInv, unknown}
   (You found it on level 8 of the Dungeon)

   It reduces the magical energy of the wielder, and disrupts the spells and
   magical abilities of those hit.
   Natural abilities and divine invocations are not affected.
   It affects your intelligence (+7).
   It affects your dexterity (-3).
   It affects your resistance to hostile enchantments.
   It lets you see invisible.
Missiles
 J - 3 needles of paralysis
 O - 8 javelins (quivered) {@Q2}
Armour
 b - a +2 leather armour
 z - a +1 scale mail of poison resistance (worn) {god gift}
 H - a +0 cloak (worn)
 P - a +0 pair of gloves (worn)
Magical Staves
 K - an uncursed staff of wizardry {!a}
Jewellery
 m - a ring of protection from magic (right hand)
 u - a +5 ring of intelligence (left hand)
Wands
 R - a wand of polymorph (13)
Scrolls
 i - 3 scrolls of identify {unknown}
 k - 4 scrolls of enchant weapon {unknown}
 o - a scroll of magic mapping {unknown}
 p - 3 scrolls of fog {unknown}
 q - 2 scrolls of amnesia {unknown}
 r - a scroll of blinking {unknown}
 t - a scroll of fear {unknown}
 w - 2 scrolls of immolation {unknown}
 x - 5 scrolls of remove curse {unknown}
 y - a scroll of noise {unknown}
 B - a scroll of enchant armour {unknown}
 M - a scroll of teleportation {unknown}
Potions
 f - a potion of agility {@q5}
 g - a potion of haste {@q3,}
 j - 2 potions of berserk rage
 n - 3 potions of magic
 s - 2 potions of curing {@q1}
 C - 3 potions of lignification
 E - a potion of heal wounds {@q2}
Comestibles
 e - 12 rations


   Skills:
 + Level 5.9 Fighting
 * Level 8.0 Short Blades
 + Level 4.9 Armour
 + Level 3.7 Dodging


You had 7 spell levels left.
You didn't know any spells.
Your spell library was empty.

Dungeon Overview and Level Annotations

Branches:
Dungeon (8/15)             Temple (0/1) D:7
   Lair: D:8-11

Altars:
Makhleb
Nemelex Xobeh
Ru

Shops:
D:6 :

Annotations:
Bailey exclusion: door


Innate Abilities, Weirdness & Mutations

You have razor-sharp toenails.
You are mostly covered in sharp spines.


Message History

Xom's power touches on you.
You convulse helplessly as pain tears through your body!
You take 19 damage, and have 45/64 hp.
MASSIVE DAMAGE!!
Key pressed, stopping explore.
Eating one of 8 chunks of flesh.
You eat one of the 8 chunks of flesh.
This raw flesh tastes terrible.
Key pressed, stopping explore.
Some of the chunks of flesh in your inventory have rotted away.
All of the chunks of flesh in your inventory have rotted away.
Things that are here:
a halberd; a chain mail Key pressed, stopping explore.
Unknown command.
Health restored: 64
There is a gate leading back out of this place, spattered with blood here.
Things that are here:
a spear; a scale mail; a centaur skeleton
Things that are here:
a spear of chaos; a chain mail; an orc skeleton
Things that are here:
a spear; a scale mail; a centaur skeleton
There is a gate leading back out of this place, spattered with blood here.
Key pressed, stopping explore.
Key pressed, stopping explore.
You open the door.
An orc comes into view. It is wielding a trident.
The orc shouts!
There is an open door here.
The orc hits you with a trident.
An orc warrior comes into view. It is wielding a halberd.
You take 1 damage, and have 63/64 hp.
You hit the orc.
The orc appears confused.
You claw the orc, but do no damage.
The orc is lightly wounded.
An orc warrior comes into view. It is wielding a glaive.
The orc warrior shouts!
You hear a shout!
The orc hits you with a trident.
You take 1 damage, and have 62/64 hp.
You hit the orc but do no damage. You claw the orc, but do no damage.
The orc is lightly wounded.
The orc warrior closely misses you.
You catch the helpless orc completely off-guard!
You hit the orc.
You feel better.
The orc glows dull cobalt blue for a moment.
The orc is severely wounded.
Health restored: 64 The orc warrior hits you with a halberd!
You emit a cloud of colourful smoke!
An orc comes into view. It is wielding a spear.
The orc falls into the water!
The orc drowns.
You hear a splash. x2
Your Short Blades skill increases to level 8!
You take 17 damage, and have 47/64 hp.
MASSIVE DAMAGE!!
Unknown command.
Unknown command.
You hit the orc warrior. You burn the orc warrior. You claw the orc warrior.
The orc warrior is lightly wounded.
The orc warrior hits you with a halberd!
You take 11 damage, and have 36/64 hp.
You are too injured to fight recklessly!
You are too injured to fight recklessly!
You are too injured to fight recklessly!
You are too injured to fight recklessly!
You are too injured to fight recklessly!
You are too injured to fight recklessly!
You are too injured to fight recklessly!
You are too injured to fight recklessly!
You are too injured to fight recklessly!
You are too injured to fight recklessly!
You are too injured to fight recklessly!
You are too injured to fight recklessly!
You are too injured to fight recklessly!
You are too injured to fight recklessly!
You are too injured to fight recklessly!
You are too injured to fight recklessly!
You are too injured to fight recklessly!
You are too injured to fight recklessly!
Unknown command.
You barely miss the orc warrior.
The orc warrior is lightly wounded.
You closely miss the orc warrior.
The orc warrior is lightly wounded.
The orc warrior barely misses you. x2
You closely miss the orc warrior. Your kick misses the orc warrior.
The orc warrior is lightly wounded.
You hit the orc warrior but do no damage.
You claw the orc warrior, but do no damage.
The orc warrior is lightly wounded.
The orc warrior hits you with a halberd!!
* * * LOW HITPOINT WARNING * * *
The orc warrior hits you from afar with a glaive!
* * * LOW HITPOINT WARNING * * *
You take 34 damage, and have 2/64 hp.
MASSIVE DAMAGE!!
Your scale mail prevents you from hitting the orc warrior.
You claw the orc warrior, but do no damage.
The orc warrior is lightly wounded.
The orc warrior barely misses you.
The orc warrior hits you from afar with a glaive!!
You die...
Xom chortles!

█.≈≈.≈.≈≈≈...≈≈≈.≈≈..≈≈█
██.≈.≈≈..≈≈≈≈≈..≈≈..Ψ≈≈█
█.≈≈.≈≈≈.....≈≈≈...≈≈██
█..≈≈..≈≈≈≈≈≈≈....≈≈██
█.Ψ.≈≈≈.......≈≈..≈██
██....≈≈≈≈≈≈≈≈≈...≈█
█████............≈█
.Ψ██████████∆████
....ooo@§.......█
......§.§......██
≈≈≈≈≈≈≈≈≈≈≈≈≈≈██


███████████████ You could see 2 orc warriors and an orc.

Vanquished Creatures
  Menkaure (D:6)
  5 phantoms
  A sky beast (D:5)
  An ice beast (D:6)
  2 centaurs
  A crocodile (D:7)
  2 scorpions
  3 howler monkeys (D:7)
  A bullfrog zombie (D:6)
  A quasit (D:6)
  2 hounds
  A bullfrog skeleton (D:6)
  A centaur skeleton (D:8)
  2 iguanas
  Natasha (thrice) (D:4)
  2 orc wizards
  2 worker ants
  A hound skeleton (D:5)
  A worker ant zombie (D:6)
  6 adders
  An adder (shapeshifter) (D:1)
  A shadow imp (D:2)
  An adder zombie (D:5)
  2 worms
  4 dart slugs
  6 leopard geckos
  22 orcs
  5 bats
  4 giant cockroaches
  6 goblins
  3 hobgoblins
  4 jackals
  5 kobolds
  5 quokkas
  3 ball pythons
  7 frilled lizards
  A jackal skeleton (D:5)
  A kobold (shapeshifter) (D:3)
  4 rats
124 creatures vanquished.

Vanquished Creatures (collateral kills)
  A centaur (Bailey)
  3 orcs (Bailey)
4 creatures vanquished.

Vanquished Creatures (others)
  An ice beast (D:6)
1 creature vanquished.

Grand Total: 129 creatures vanquished

Notes
Turn   | Place    | Note
-------+----------+-------------------------------------------
     0 | D:1      | Goblin1989 the Demonspawn Chaos Knight began the quest for the Orb.
     0 | D:1      | Reached XP level 1. HP: 18/18 MP: 1/1
     3 | D:1      | XOM: potion effect (haste)
    29 | D:1      | Reached skill level 3 in Short Blades
    62 | D:1      | Gained mutation: You are partially covered in sharp spines. [demonic ancestry]
    62 | D:1      | Reached XP level 2. HP: 19/24 MP: 2/2
   225 | D:1      | XOM: harmless Erth miscast
   602 | D:1      | Reached XP level 3. HP: 29/29 MP: 3/3
   819 | D:2      | XOM: silly message
   890 | D:2      | Reached skill level 4 in Short Blades
  1227 | D:2      | XOM: god gift: shiny scale mail {god gift}
  1285 | D:2      | XOM: medium Conj miscast
  1619 | D:2      | XOM: scenery: 1 doors open, 1 doors close
  1709 | D:2      | Reached XP level 4. HP: 34/35 MP: 4/4
  2135 | D:3      | XOM: harmless Chrm miscast
  2357 | D:4      | Found a sparkling altar of Nemelex Xobeh.
  2522 | D:4      | Noticed Natasha
  2527 | D:4      | Killed Natasha
  2527 | D:4      | Reached XP level 5. HP: 41/41 MP: 5/5
  2552 | D:4      | Noticed Natasha
  2562 | D:4      | Killed Natasha
  2668 | D:4      | Noticed Natasha
  2675 | D:4      | Killed Natasha
  2675 | D:4      | Reached skill level 5 in Short Blades
  3187 | D:5      | Entered Level 5 of the Dungeon
  3225 | D:5      | XOM: summons friendly crimson imp
  3270 | D:5      | XOM: 2-stop teleportation journey
  3288 | D:5      | Gained mutation: You have sharp toenails. [demonic ancestry]
  3288 | D:5      | Reached XP level 6. HP: 47/48 MP: 6/6
  3758 | D:5      | XOM: harmless Necr miscast
  3760 | D:5      | XOM: enchant monster (good)
  3765 | D:5      | XOM: confuse monster(s)
  3767 | D:5      | Reached skill level 1 in Dodging
  3877 | D:5      | Noticed a sky beast
  3877 | D:5      | XOM: harmless Ice miscast
  3884 | D:5      | Killed a sky beast
  3884 | D:5      | Reached skill level 6 in Short Blades
  3884 | D:5      | Gained mutation: You are mostly covered in sharp spines. [demonic ancestry]
  3884 | D:5      | Reached XP level 7. HP: 49/55 MP: 7/7
  3941 | D:5      | XOM: smoke on damage
  4305 | D:6      | Found Goequzur's Book Shop.
  4319 | D:6      | Noticed Menkaure
  4327 | D:6      | Killed Menkaure
  4536 | D:6      | XOM: swap monsters
  4597 | D:6      | XOM: confuse monster(s)
  4613 | D:6      | XOM: enchant monster (bad)
  4618 | D:6      | Gained mutation: You have razor-sharp toenails. [demonic ancestry]
  4618 | D:6      | Reached XP level 8. HP: 53/61 MP: 8/8
  4643 | D:6      | XOM: scenery: 2 doors open, 1 doors close
  4672 | D:6      | XOM: mild Fire miscast
  4728 | D:6      | Reached skill level 5 in Fighting
  4892 | D:6      | Found a sacrificial altar of Ru.
  4933 | D:7      | Reached skill level 7 in Short Blades
  4941 | D:7      | XOM: potion effect (haste)
  4981 | D:7      | XOM: mild Erth miscast
  4993 | D:7      | XOM: noise
  5023 | D:7      | Found a staircase to the Ecumenical Temple.
  5251 | D:7      | XOM: polymorph black bear -> crocodile
  5310 | D:7      | Found a burning altar of Makhleb.
  5425 | D:7      | XOM: harmless Chrm miscast
  5509 | D:8      | Found a flagged portal.
  5535 | D:8      | Got a crystal spear
  5545 | Bailey   | Entered a bailey
  5553 | Bailey   | XOM: noise
  5554 | Bailey   | p0werm0de: rip
  5556 | Bailey   | p0werm0de: :P
  5559 | Bailey   | Goblin1989: no
  5569 | Bailey   | XOM: potion effect (heal wounds)
  5594 | Bailey   | XOM: repel stairs
  5601 | Bailey   | XOM: chaos upgrade
  5612 | Bailey   | p0werm0de: later i guess
  5618 | Bailey   | p0werm0de: :P
  5618 | Bailey   | Goblin1989: yeah
  5622 | Bailey   | XOM: summons 8 friendly demons
  5662 | Bailey   | XOM: god gift: 23 arrows {god gift}
  5767 | Bailey   | XOM: scenery: 2 fountains blood, 1 doors open
  5832 | Bailey   | XOM: medium Necr miscast
  5965 | Bailey   | XOM: smoke on damage
  5965 | Bailey   | Reached skill level 8 in Short Blades
  5970 | Bailey   | HP: 2/64 [orc warrior/glaive (16)]
  5971 | Bailey   | Demolished by an orc warrior

Skill      XL: |  1  2  3  4  5  6  7  8 |
---------------+-------------------------+-----
Short Blades   | 3 4 5 6 8 |  8.0
Armour         | 2 3 4 |  4.9
Fighting       | 4 5 |  5.9
Dodging        | 1 2 3 |  3.7

Action                   |  1- 3 |  4- 6 |  7- 9 || total
-------------------------+-------+-------+-------++-------
Melee: Short sword       |    83 |   149 |   174 ||   406
       Kick              |       |    10 |    50 ||    60
  Use: Potion            |       |       |     9 ||     9
 Stab: Paralysed         |     2 |     1 |     2 ||     5
       Petrifying        |       |     3 |       ||     3
       Confused          |       |       |     1 ||     1
       Petrified         |       |       |     1 ||     1
  Eat: Chunk             |     2 |     7 |     7 ||    16
Armor: Leather armour    |    24 |       |       ||    24
       Scale mail        |     3 |    50 |    66 ||   119
Dodge: Dodged            |    41 |    48 |    72 ||   161

Vault maps used:
D:1:      roderic_crop_circles_arrival_large
D:2:      kennysheep_generic_room_6
D:4:      old_standard_altar, uniq_natasha
D:5:      first_ration
D:6:      serial_shops, nicolae_shop_stone, nicolae_ru_path_of_blood,
          uniq_menkaure
D:7:      nicolae_overflow_hidden_temple, marbit_many_paths,
          minmay_temple_entry_glassed_door
D:8:      cheibrodos_barr_body, overflow_temple_1_default, zin_academy,
          enter_bailey_2, serial_shops, nicolae_shop_behind_doors
Bailey:   bailey_polearm_flooded_kennysheep, bailey
